cohdb
Replays
Latest Replays
All Replays
Popular Replays
Top Player Replays
Match Explorer
How It Works
Community
CoH3 Stats
Reddit
Sign in to upload your games and track your stats! →
Sign in with Steam
Match 40256562
Unlisted
Match 40256562
Overview
Messages
Build Orders
End
Selects Panzerjäger Kommand Battlegroup
Selects Panzerjäger Kommand Battlegroup
Kradschützen Motorcycle Team
Panzergrenadier Squad
Selects Blockade Equipment
Panzergrenadier Squad
250 Light Carrier
Construct Light Support Kompanie
Selects GrB 39 Grenade Launcher Requisition
MG34 Team
Assault Grenadier Squad
Panzerjäger Mechanized Group
Construct Mechanized Kompanie
8 Rad Armored Car
Johann von Floydmann
DibbeTC
0
0
Comments
sign in to comment!
No comments posted yet!